AoeStats
← DungaChapado

Black Forest

508341980Analyzed
4v4 RM · 10d ago on Sep 22, 2026· 55m 38s· 8 players
Game mode
Random Map
Map size
Large (8 player)
Population
200
Speed
Normal
Resources
Standard
Victory
Conquest
Starting age
Dark Age
Ending age
Imperial Age
RankedLock teamsTeams togetherTeam positionsShared explorationLock speedFull tech treeHidden civsTurbo modeCheats
Victory
Defeat
🇧🇷 Bohemians · Brazil
1075
+13
🇧🇷 Romans · Brazil
1042
+14
🇧🇷 Ethiopians · Brazil
1037
+14
🇧🇷 Teutons · Brazil
1034
+15
🇲🇽 Teutons · Mexico
1065
-16
🇵🇹 Spanish · Portugal
1042
-16
🇺🇸 Bulgarians · United States
996
-14
🇲🇽 Khmer · Mexico
909
-10
Borzak4113
0:32 Loom
13:34 Feudal Age
14:34 Double-Bit Axe
18:43 Castle Age
18:08 Horse Collar
borraznajera
0:28 Loom
14:10 Feudal Age
15:25 Wheelbarrow
14:37 Town Watch
14:34 Horse Collar
14:47 Gold Mining
14:45 Double-Bit Axe
17:37 Scale Barding Armor
17:32 Scale Mail Armor
17:43 Forging
18:23 Bloodlines
26:42 Castle Age
27:41 Hand Cart
27:27 Town Patrol
27:52 Stone Mining
29:56 Stone Shaft Mining
29:26 Heavy Plow
32:58 Bow Saw
35:32 Pikeman
35:59 Gambesons
36:00 Arson
36:15 Squires
39:03 Imperial Age
37:54 Chain Barding Armor
37:50 Chain Mail Armor
38:11 Iron Casting
38:26 Fortified Wall
38:37 Ballistics
38:07 Heated Shot
38:33 Fervor
38:44 Sanctity
38:43 Guard Tower
39:04 Masonry
41:00 Two-Man Saw
40:42 Plate Barding Armor
40:38 Plate Mail Armor
41:08 Blast Furnace
40:44 Conscription
41:22 Fletching
41:32 Padded Archer Armor
42:08 Crop Rotation
41:10 Cavalier
41:29 Sappers
41:31 Elite Teutonic Knight
43:07 Hoardings
43:27 Ironclad
45:13 Chemistry
44:48 Keep
44:19 Siege Engineers
44:04 Paladin
46:26 Heavy Scorpion
48:25 Crenellations
49:36 Onager
52:37 Capped Ram
CHiCo
10:39 Feudal Age
12:45 Loom
15:25 Castle Age
14:20 Double-Bit Axe
23:52 Horse Collar
24:52 Bow Saw
27:29 Padded Archer Armor
27:35 Scale Barding Armor
27:41 Forging
27:22 Fletching
29:10 Wheelbarrow
28:20 Town Watch
28:58 Masonry
29:09 Ballistics
29:41 Bloodlines
29:32 Husbandry
31:26 Sanctity
34:04 Imperial Age
32:47 Heavy Plow
33:11 Bodkin Arrow
33:37 Chain Barding Armor
33:52 Iron Casting
33:33 Leather Archer Armor
33:56 Light Cavalry
34:55 Hand Cart
34:33 Cavalier
34:39 Cavalier
35:58 Plate Barding Armor
36:23 Blast Furnace
35:24 Bracer
36:50 Chemistry
37:36 Paladin
39:09 Conscription
40:38 Architecture
40:05 Murder Holes
40:48 Hoardings
41:13 Caravan
41:46 Scale Mail Armor
43:55 Elite Conquistador
47:54 Ring Archer Armor
Chef_boyar_dee
1:05 Loom
1:11 Loom
13:44 Feudal Age
18:33 Castle Age
17:01 Horse Collar
17:09 Double-Bit Axe
Longshanks
10:38 Feudal Age
15:06 Castle Age
13:26 Double-Bit Axe
14:00 Town Watch
14:03 Horse Collar
16:04 Bow Saw
20:59 Loom
34:05 Heavy Plow
34:43 Wheelbarrow
34:09 Town Patrol
36:56 Hand Cart
40:51 Imperial Age
39:08 Forging
39:03 Scale Barding Armor
40:40 Iron Casting
41:10 Bloodlines
41:22 Chain Barding Armor
42:08 Crop Rotation
42:38 Two-Man Saw
41:03 Cavalier
43:16 Blast Furnace
42:26 Paladin
45:05 Plate Barding Armor
49:41 Chemistry
Fiaboi_
12:25 Feudal Age
13:17 Double-Bit Axe
13:16 Horse Collar
16:01 Castle Age
15:41 Wheelbarrow
24:27 Wheelbarrow
28:53 Imperial Age
27:37 Bow Saw
27:28 Heavy Plow
27:50 Hand Cart
27:28 Gold Mining
29:08 Heavy Scorpion
32:24 Chemistry
31:30 Siege Engineers
32:47 Two-Man Saw
34:17 Gold Shaft Mining
34:14 Ballistics
35:24 Capped Ram
36:25 Forging
36:16 Scale Mail Armor
37:54 Iron Casting
37:31 Siege Ram
38:28 Chain Mail Armor
39:28 Conscription
39:11 Torsion Engines
38:34 Halberdier
38:59 Arson
39:16 Squires
40:18 Blast Furnace
41:01 Plate Mail Armor
DungaChapado
13:07 Feudal Age
17:38 Castle Age
15:26 Double-Bit Axe
17:00 Horse Collar
20:32 Bow Saw
23:46 Wheelbarrow
25:03 Heavy Plow
25:37 Forging
31:53 Elite Skirmisher
32:54 Fletching
38:29 Fishing Lines
40:24 Stone Mining
40:24 Gold Mining
40:56 Hand Cart
40:42 Bodkin Arrow
43:28 Caravan
45:41 Ballistas
50:57 Imperial Age
48:33 Gillnets
50:38 Town Watch
51:25 Ballistics
51:17 Heavy Scorpion
53:44 Chemistry
52:52 Siege Engineers
Caesar Galinacius
3:24 Loom
11:15 Feudal Age
16:51 Castle Age
15:40 Town Watch
16:01 Double-Bit Axe
16:01 Horse Collar
18:28 Bow Saw
25:16 Wheelbarrow
30:31 Imperial Age
28:26 Heavy Plow
30:06 Hand Cart
29:51 Town Patrol
31:33 Squires
30:54 Man-at-Arms
30:54 Pikeman
31:20 Arson
32:48 Chemistry
31:29 Treadmill Crane
32:10 Ballistics
33:02 Two-Man Saw
32:16 Padded Archer Armor
32:07 Fletching
32:27 Forging
33:11 Masonry
32:58 Murder Holes
33:13 Fortified Wall
33:27 Houfnice
35:21 Conscription
34:44 Long Swordsman
37:08 Elite Hussite Wagon
37:12 Two-Handed Swordsman
40:08 Siege Engineers
40:34 Architecture
40:51 Iron Casting
40:11 Bodkin Arrow
40:32 Leather Archer Armor
40:17 Scale Mail Armor
40:23 Scale Barding Armor
40:39 Fervor
40:50 Sanctity
41:21 Bombard Tower
41:21 Halberdier
41:27 Champion
47:53 Blast Furnace
47:24 Ring Archer Armor
46:54 Bracer
47:10 Chain Mail Armor
47:15 Chain Barding Armor
Connection lost

Rejoining the realm…

Still unreachable

The connection could not be restored.

Session expired

The server has moved on; the page needs a fresh start.